 Dungeon Crawl Stone Soup version 0.25.0-46-gbd7b0854d2 (webtiles) character file.

Game seed: 8074303355933548091

147 Ethylacetat the Gusty (level 5, -1/31 HPs)
             Began as an Octopode Air Elementalist on July 15, 2020.
             Slain by an orc wizard
             ... wielding a +0 dagger
              (4 damage)
             ... on level 3 of the Dungeon.
             The game lasted 00:07:32 (2264 turns).

Ethylacetat the Gusty (Octopode Air Elementalist)   Turns: 2264, Time: 00:07:33

Health: -1/31      AC:  1    Str:  7    XL:     5   Next: 29%
Magic:  2/9        EV: 13    Int: 19    God:
Gold:   149        SH:  0    Dex: 12    Spells: 4/9 levels left

rFire    . . .     SeeInvis .   c - +0 dagger
rCold    . . .     Gourm    .   (no shield)
rNeg     . . .     Faith    .   (helmet restricted)
rPois    .         Spirit   .   (no amulet)
rElec    .         Reflect  .   (no ring)
rCorr    .         Harm     .   (no ring)
MR       .....                  (no ring)
Stlth    +++.......             (no ring)
HPRegen  0.10/turn              (no ring)
MPRegen  0.11/turn              (no ring)
                                (no ring)
                                (no ring)

@: no status effects
A: almost no armour, stealthy swim, amphibious, 8 rings, constrict 8, camouflage
1, gelatinous body 1
a: no special abilities


You were on level 3 of the Dungeon.
You were not hungry.

You visited 1 branch of the dungeon, and saw 3 of its levels.

You collected 149 gold pieces.

Inventory:

Hand Weapons
 c - a +0 dagger (weapon)
Scrolls
 d - a scroll of enchant weapon {unknown}
 f - a scroll of magic mapping {unknown}
 h - 4 scrolls of identify {unknown}
 i - a scroll of teleportation {unknown}
 j - a scroll of immolation {unknown}
 l - a scroll of noise {unknown}
Potions
 e - a potion of degeneration {unknown}
 g - 2 potions of invisibility {unknown}
 k - 2 potions of curing {unknown}
Comestibles
 a - 3 chunks of flesh
 b - 4 rations


   Skills:
 - Level 2.0 Dodging
 - Level 2.6 Stealth
 + Level 2.8 Spellcasting
 * Level 3.0 Conjurations
 * Level 4.3 Air Magic


You had 4 spell levels left.
You knew the following spells:

 Your Spells              Type           Power        Failure   Level  Hunger
a - Shock                 Conj/Air       ###.         3%          1    None
b - Airstrike             Air            ###.......   26%         4    ####...

Your spell library contained the following spells:

 Spells                   Type           Power        Failure   Level  Hunger
 Swiftness                Chrm/Air       ##......     10%         2    ##.....
 Static Discharge         Conj/Air       ###.....     10%         3    ###....
 Lightning Bolt           Conj/Air       ###.......   67%         5    ######.


Dungeon Overview and Level Annotations

Branches:
Dungeon (3/15)

Altars:
Dithmenos
Okawaru


Innate Abilities, Weirdness & Mutations

You cannot wear most types of armour.
You are very stealthy in the water. (Stealth+)
You are amphibious.
You can wear up to eight rings at the same time.
You can use your tentacles to constrict eight enemies at once.
Your skin changes colour to match your surroundings (Stealth+).
Your rubbery body absorbs attacks. (AC +1, EV +1)


Message History

The zap hits something.
The zap hits something but does no damage.
Something barely misses you.
You hear some strange, mumbled words.
A puff of frost appears from out of thin air!
The puff of frost hits you!
* * * LOW HITPOINT WARNING * * *
Casting: Shock (safe; 3% risk of failure)
Confirm with . or Enter, or press ? or * to list all spells.
Aiming: Shock (safe; 3% risk of failure)
Press: ? - help, Shift-Dir - straight line Something hits you.
* * * LOW HITPOINT WARNING * * *
Casting: Shock (safe; 3% risk of failure)
Confirm with . or Enter, or press ? or * to list all spells.
Aiming: Shock (safe; 3% risk of failure)
Press: ? - help, Shift-Dir - straight line The zap hits something.
Something hits you but does no damage. Something hits you.
You die...

.## .#.## #...# .... ...
#...# ....( #.# #####...#####
......##?########...........#
..$..o.o..##.................
.....o##...#.####.....#......
...oo ##..#.# ####.###.###.
..$. ##.o#.# ##.## ##.##. ###
#...#@# #รท## ##.#. #.#){.#
##.## ##.### #...###
###.###)####
###.#######.##.#......
#.##)....#.##.#.....
#.##.##.###.#.#..###
..##.#.## ##....>..#
####.##.###.........
#.##..#.####..#.#


There were no monsters in sight!

Vanquished Creatures
  A worker ant (D:2)
  Natasha (D:3)
  2 adders (D:2)
  A worm (D:3)
  2 dart slugs (D:1)
  2 leopard geckos
  9 orcs (D:3)
  2 ball pythons (D:3)
  3 bats
  2 giant cockroaches
  7 goblins
  3 hobgoblins
  10 jackals
  3 kobolds (D:1)
  2 quokkas (D:3)
  2 frilled lizards
  9 rats
61 creatures vanquished.

Notes
Turn   | Place    | Note
-------+----------+-------------------------------------------
     0 | D:1      | Ethylacetat the Octopode Air Elementalist began the quest
                  | for the Orb.
     0 | D:1      | Reached XP level 1. HP: 11/11 MP: 3/3
   108 | D:1      | Reached XP level 2. HP: 17/17 MP: 5/5
   637 | D:1      | Reached XP level 3. HP: 21/21 MP: 6/6
  1068 | D:2      | Reached XP level 4. HP: 24/27 MP: 3/7
  1352 | D:2      | Reached skill level 4 in Air Magic
  1405 | D:2      | You fall into a shaft and drop 1 floor!
  1415 | D:3      | Learned a level 4 spell: Airstrike
  1752 | D:3      | Found an iron altar of Okawaru.
  1894 | D:3      | Noticed Natasha
  1935 | D:3      | Killed Natasha
  1935 | D:3      | Reached XP level 5. HP: 25/31 MP: 6/9
  2029 | D:3      | Found a shadowy altar of Dithmenos.
  2264 | D:3      | Slain by an orc wizard

Illustrated notes

Levels and vault maps discovered:
D:1:      saegor_arrival_simple_e, layout_loops_ring
D:2:      kennysheep_big_flooded_room, layout_loops_ring, first_ration,
          yredelemnul_altar_generic
D:3:      layout_loops_cross, okawaru_gym_becter, tso_oasis_becter,
          nicolae_dithmenos_through_a_glass_darkly, uniq_natasha

Skill      XL: |  1  2  3  4 |
---------------+-------------+-----
Conjurations   | 2 3 |  3.0
Air Magic      | 4 |  4.3
Dodging        | |  2.0
Stealth        | |  2.6
Spellcasting   | |  2.8

Action                   |  1- 3 |  4- 6 || total
-------------------------+-------+-------++-------
Melee: Unarmed           |    21 |       ||    21
       Constrict         |    13 |     9 ||    22
       Tentacles         |     5 |     7 ||    12
       Dagger            |    29 |    43 ||    72
 Cast: Shock             |    13 |    47 ||    60
 Stab: Sleeping          |     8 |     5 ||    13
  Eat: Chunk             |     1 |     3 ||     4
Armor: Skin              |     6 |     3 ||     9
Dodge: Dodged            |    36 |    35 ||    71
